 Dungeon Crawl Stone Soup version 0.24.0-13-gcf9b3192b9 (webtiles) character file.

Game seed: 2028600565970283567, levelgen mode: deterministic

72 FishyPogo the Conjurer (level 4, -4/24 HPs)
             Began as a Deep Elf Conjurer on Nov 9, 2019.
             Killed from afar by an orc wizard (6 damage)
             ... with a magic dart
             ... on level 3 of the Dungeon.
             The game lasted 00:06:59 (1785 turns).

FishyPogo the Conjurer (Deep Elf Conjurer)          Turns: 1785, Time: 00:06:59

Health: -4/24      AC:  3    Str:  5    XL:     4   Next: 7%
Magic:  0/11       EV: 13    Int: 21    God:
Gold:   106        SH:  0    Dex: 15    Spells: 4/10 levels left

rFire    + . .     SeeInvis .   f - +0 short sword
rCold    + . .     Gourm    .   (no shield)
rNeg     . . .     Faith    .   a - +0 robe
rPois    .         Spirit   .   (no helmet)
rElec    .         Reflect  .   s - scarf {rC+ rF+}
rCorr    .         Harm     .   n - +0 pair of gloves
MR       .....                  (no boots)
Stlth    +.........             (no amulet)
HPRegen  0.08/turn              o - ring of flight
MPRegen  0.12/turn              (no ring)

@: confused, very slightly contaminated
A: no striking features
a: Evoke Flight


You were on level 3 of the Dungeon.
You were hungry.

You visited 1 branch of the dungeon, and saw 3 of its levels.

You collected 106 gold pieces.

Inventory:

Hand Weapons
 f - a +0 short sword (weapon)
Missiles
 b - 170 stones (quivered)
 k - 13 poisoned darts
Armour
 a - a +0 robe (worn)
 n - a +0 pair of gloves (worn)
 s - a scarf of resistance (worn)
Jewellery
 o - a ring of flight (left hand)
Scrolls
 d - a scroll of blinking {unknown}
 e - a scroll of enchant weapon {unknown}
 h - a scroll of immolation {unknown}
 j - 3 scrolls of identify {unknown}
 m - 4 scrolls of magic mapping {unknown}
 p - 2 scrolls of teleportation {unknown}
 q - a scroll of noise {unknown}
 r - a scroll of amnesia {unknown}
 u - a scroll of enchant armour {unknown}
Potions
 g - 3 potions of curing {unknown}
 i - a potion of flight {unknown}
 l - a potion of lignification {unknown}
Comestibles
 c - 3 rations
 t - 3 chunks of flesh


   Skills:
 + Level 3.2 Dodging
 - Level 3.0 Stealth
 + Level 3.8 Spellcasting
 * Level 5.2 Conjurations


You had 4 spell levels left.
You knew the following spells:

 Your Spells              Type           Power        Failure   Level  Hunger
a - Magic Dart            Conj           ####         1%          1    None
b - Searing Ray           Conj           ####..       1%          2    #......
c - Dazzling Spray        Conj/Hex       ###...       12%         3    ###....

Your spell library contained the following spells:

 Spells                   Type           Power        Failure   Level  Hunger
 Confusing Touch          Hex            #.....       12%         1    None
 Iskenderun's Mystic Bla  Conj           ####....     14%         4    ####...
 Confuse                  Hex            #.......     36%         3    ###....
 Gell's Gravitas          Tloc           #.........   36%         3    ###....
 Force Lance              Conj/Tloc      ###.....     38%         4    ####...
 Fulminant Prism          Conj/Hex       ###.......   38%         4    ####...
 Petrify                  Tmut/Erth      #.......     77%         4    ####...
 Metabolic Englaciation   Hex/Ice        #.........   98%         5    ######.
 Yara's Violent Unravell  Hex/Tmut       #.........   98%         5    ######.


Dungeon Overview and Level Annotations

Branches:
Dungeon (3/15)

Altars:


Message History

Press: ? - help, Shift-Dir - straight line, f/p - orc wizard
Aim: an orc wizard, wielding a +0 dagger and wearing a +0 robe (almost dead)
The magic dart hits the orc wizard but does no damage.
The orc wizard is almost dead.
The orc wizard points at you and mumbles some strange words.
You are confused.
You're too confused to move!
The orc wizard hits you with a +0 dagger.
* * * LOW HITPOINT WARNING * * *
You bump into the rock wall.
The orc wizard misses you.
You miss the orc wizard.
The orc wizard is almost dead.
The orc wizard closely misses you.
The orc wizard points at you and mumbles some strange words.
The magic dart hits you.
* * * LOW HITPOINT WARNING * * *
You bump into the rock wall.
The orc wizard points at you and mumbles some strange words.
The magic dart hits you.
You die...

#......###.###.#
#......###..##.####
#......##..........
#......##..........
#......##..........
#......##..........
####.####...........
#.# #.......... #@#
#.......... #o#
#†......... #?#
#.......... #.#
#..........
.........##.###
.)........# .#
.o.........# #
o...........#
o............#


You could see an orc wizard.

Vanquished Creatures
  An adder (D:3)
  3 worms
  A dart slug (D:1)
  2 leopard geckos
  2 orcs (D:3)
  3 giant cockroaches
  A goblin (D:1)
  6 hobgoblins
  7 kobolds
  A quokka (D:3)
  2 ball pythons
  6 bats
  3 frilled lizards (D:1)
  9 rats
47 creatures vanquished.

Notes
Turn   | Place    | Note
-------+----------+-------------------------------------------
     0 | D:1      | FishyPogo the Deep Elf Conjurer began the quest for the
                  | Orb.
     0 | D:1      | Reached XP level 1. HP: 10/10 MP: 6/6
   195 | D:1      | Reached XP level 2. HP: 15/15 MP: 4/8
   281 | D:1      | Learned a level 2 spell: Searing Ray
   622 | D:1      | Reached XP level 3. HP: 19/19 MP: 6/9
   969 | D:2      | Learned a level 3 spell: Dazzling Spray
  1186 | D:2      | Reached skill level 5 in Conjurations
  1767 | D:3      | Reached XP level 4. HP: 24/24 MP: 6/11
  1784 | D:3      | HP: 1/24 [orc wizard/magic dart (3)]
  1785 | D:3      | Killed from afar by an orc wizard

Levels and vault maps discovered:
D:1:      saegor_arrival_simple_e, layout_loops_corners
D:2:      layout_loops_ring
D:3:      layout_basic, lightli_temple_of_fire, hangedman_feature_mirror,
          grunt_ministairs_3, uniq_grinder

Skill      XL: |  1  2  3 |
---------------+----------+-----
Stealth        | 3 |  3.0
Dodging        | 3 |  3.2
Conjurations   | 5 |  5.2
Spellcasting   | |  3.8

Action                   |  1- 3 |  4- 6 || total
-------------------------+-------+-------++-------
Melee: Short sword       |     1 |     5 ||     6
 Cast: Magic Dart        |    62 |     9 ||    71
       Searing Ray       |     4 |       ||     4
 Stab: Sleeping          |     1 |       ||     1
  Eat: Chunk             |     2 |       ||     2
Armor: Robe              |       |     3 ||     3
Dodge: Dodged            |     5 |     3 ||     8
